AoeStats
← Vykostovac

Lombardia

508901216Analyzed
2v2 RM · 7d ago on Sep 24, 2026· 32m 29s· 4 players
Game mode
Random Map
Map size
Medium (4 player)
Population
200
Speed
Normal
Resources
Standard
Victory
Conquest
Starting age
Dark Age
Ending age
Imperial Age
RankedLock teamsTeams togetherTeam positionsShared explorationLock speedFull tech treeHidden civsTurbo modeCheats
Victory
Defeat
🇮🇪 Koreans · Ireland
861
+15
🇪🇸 Byzantines · Spain
814
+17
🇨🇿 Turks · Czechia
850
-16
🇨🇿 Malians · Czechia
843
-16
Teoldis
11:50 Feudal Age
13:15 Loom
16:06 Castle Age
14:45 Fletching
14:49 Stone Mining
16:12 Double-Bit Axe
23:13 Squires
26:15 Arson
Vykostovac
11:01 Feudal Age
14:05 Double-Bit Axe
15:08 Bloodlines
15:35 Scale Barding Armor
16:03 Forging
21:05 Horse Collar
25:54 Man-at-Arms
Pendenciero
7:41 Loom
9:42 Feudal Age
10:27 Double-Bit Axe
11:51 Gold Mining
17:40 Castle Age
30:14 Wheelbarrow
Thegreatnoticing
5:03 Loom
8:49 Loom
11:55 Feudal Age
16:01 Castle Age
15:05 Double-Bit Axe
Connection lost

Rejoining the realm…

Still unreachable

The connection could not be restored.

Session expired

The server has moved on; the page needs a fresh start.